 Dungeon Crawl Stone Soup version 0.30-a0-964-gd452b5e7fa (webtiles) character file.

Game seed: 12230715394627786695

59 vishdafish the Conjurer (level 3, -6/24 HPs)
             Began as a Demonspawn Conjurer on Mar 30, 2023.
             Killed by nerve-wracking pain
             ... invoked by Grinder
              (14 damage)
             ... while paralysed by Grinder
             ... on level 3 of the Dungeon.
             The game lasted 00:02:55 (2379 turns).

vishdafish the Conjurer (Demonspawn Conjurer)       Turns: 2379, Time: 00:02:55

Health: -6/24      AC:  2    Str:  7    XL:     3   Next: 78%
Magic:  0/7        EV:  2    Int: 21    God:
Gold:   123        SH:  0    Dex: 11    Spells: 4/8 levels left

rFire   . . .      SeeInvis .    h - +2 short sword (speed)
rCold   . . .      Faith    .    (no shield)
rNeg    . . .      Spirit   .    a - +0 robe
rPois   .          Reflect  .    (no helmet)
rElec   .          Rampage  .    (no cloak)
rCorr   .                        (no gloves)
Will    .....                    (no boots)
Stlth   ++                       (no amulet)
HPRegen 0.24/turn                i - +5 ring of evasion
MPRegen 0.10/turn                (no ring)

@: paralysed
A: hooves 1
a: no special abilities


You were on level 3 of the Dungeon.
You visited 1 branch of the dungeon, and saw 3 of its levels.

You collected 123 gold pieces.

Inventory:

Hand Weapons
 h - a +2 short sword of speed (weapon)
Armour
 a - a +0 robe (worn)
Jewellery
 i - a +5 ring of evasion (left hand)
Scrolls
 c - 2 scrolls of fog {unknown}
 d - 2 scrolls of fear {unknown}
 e - 3 scrolls of identify {unknown}
 f - a scroll of enchant weapon {unknown}
Potions
 b - a potion of curing
 g - a potion of resistance {unknown}
 j - a potion of flight {unknown}


   Skills:
 - Level 1.7 Dodging
 - Level 1.7 Stealth
 - Level 3.0 Spellcasting
 + Level 4.7 Conjurations
 + Level 0.3 Earth Magic


You had 4 spell levels left.
You knew the following spells:

 Your Spells              Type           Power      Damage    Failure   Level
a - Magic Dart            Conj           92%        1d7       1%          1
b - Stone Arrow           Conj/Erth      28%        3d8       14%         3

Your spell library contained the following spells:

 Spells                   Type           Power      Damage    Failure   Level
 Searing Ray              Conj           46%        2d6       2%          2
 Sandblast                Erth           8%         2d5       12%         1
 Apportation              Tloc           6%         N/A       13%         1
 Necrotise                Necr           12%        1d4       13%         1
 Summon Small Mammal      Summ           12%        N/A       13%         1
 Dazzling Flash           Conj/Hex       26%        N/A       16%         3
 Passwall                 Tmut/Erth      2%         N/A       19%         2
 Fulminant Prism          Conj/Hex       6%         3d7       45%         4
 Iskenderun's Mystic Bla  Conj/Tloc      13%        2d5       45%         4


Dungeon Overview and Level Annotations

Branches:
Dungeon (3/15)

Altars:

Annotations:
D:3 Grinder


Innate Abilities, Weirdness & Mutations

You have large cloven feet.


Message History

The magic dart hits Grinder.
Grinder is severely wounded.
Grinder rolls her eyes.
Grinder blinks!
The magic dart hits Grinder.
Grinder is severely wounded.
Grinder gestures at you. Pain shoots through your body!
Ouch! That really hurt!
You are too injured to fight recklessly!
You are too injured to fight recklessly!
Okay, then.
Okay, then.
You closely miss Grinder. Your kick misses Grinder.
Grinder is severely wounded.
You barely miss Grinder.
Grinder is severely wounded.
Grinder blinks!
Aiming: Magic Dart (safe; 1% risk of failure)
Press: ? - help, Q - select action Shift-Dir - straight line, f/p - Grinder
Aim: Grinder (severely wounded, 100% to hit)
The magic dart hits Grinder.
Grinder is severely wounded.
It was a potion of curing.
You feel better.
Grinder blinks!
You aren't carrying any items that you can evoke.
i - a +5 ring of evasion (left hand)
You hit Grinder.
Grinder is almost dead.
Grinder gestures at you.
You suddenly lose the ability to move!
Grinder hits you. x2
You writhe in agony.
* * * LOW HITPOINT WARNING * * *
Grinder gestures at you. You resist with significant effort.
Grinder hits you but does no damage. Grinder gestures at you.
Pain shoots through your body!
Ouch! That really hurt!
You die...

#.. ... #.# #.( #
#.# #.# #.## #.# #.#
#...##.# #.#
###...#.####.#
.............###.#
###)..#<.# #@5..#
.........###.###.#.#
####................
#####.....#######
#######


You could see Grinder.

Vanquished Creatures
  An adder (D:2)
  A dart slug (D:3)
  2 bats
  4 endoplasms
  2 giant cockroaches
  2 goblins
  5 hobgoblins
  4 jackals
  8 kobolds
  2 quokkas
  7 ball pythons
  2 frilled lizards
  3 rats
43 creatures vanquished.

Vanquished Creatures (others)
  3 plants
3 creatures vanquished.

Grand Total: 46 creatures vanquished

Notes
Turn   | Place    | Note
-------+----------+-------------------------------------------
     0 | D:1      | vishdafish the Demonspawn Conjurer began the quest for the
                  | Orb.
     0 | D:1      | Reached XP level 1. HP: 13/13 MP: 3/3
   493 | D:2      | Gained mutation: You have large cloven feet. [demonic
                  | ancestry]
   493 | D:2      | Reached XP level 2. HP: 11/19 MP: 0/5
  1180 | D:1      | Reached XP level 3. HP: 24/24 MP: 4/7
  1555 | D:2      | Learned a level 3 spell: Stone Arrow
  2359 | D:3      | Noticed Grinder
  2374 | D:3      | Paralysed by Grinder for 5 turns
  2379 | D:3      | Killed from afar by Grinder

Illustrated notes

Levels and vault maps discovered:
D:1:      saegor_arrival_simple_d, layout_loops_cross, serial_forest,
          infiniplex_forest_straight_2, infiniplex_forest_lined_3,
          infiniplex_forest_clump_double, infiniplex_forest_lined_room_3,
          infiniplex_forest_lined_corner, infiniplex_forest_straight_3,
          infiniplex_forest_lined_4_way, chequers_mini_garden
D:2:      layout_loops_ring, nicolae_elevator_lobby_asterisk
D:3:      layout_loops_ring, gammafunk_temple_overflow_forgotten,
          hellmonk_ecumenical_altar_blasted, serial_park_tiny_1, uniq_grinder

Skill      XL: |  1  2  3 |
---------------+----------+-----
Spellcasting   | 3 |  3.0
Dodging        | |  1.7
Stealth        | |  1.7
Conjurations   | |  4.7
Earth Magic    | |  0.3

Action                     || total
---------------------------++-------
  Melee: Unarmed           ||    22
         Kick              ||     3
         Short sword       ||     3
   Cast: Magic Dart        ||    96
    Use: Potion            ||     2
   Stab: Sleeping          ||     1
 Armour: Robe              ||    10
  Dodge: Dodged            ||    33

Table legend: (Time is in decaauts)
 A = Elapsed time spent in this place.
 B = Non-inter-level travel time spent in this place.
 C = Inter-level travel time spent in this place.
 D = Time resting spent in this place.
 E = Time spent auto-exploring this place.
 F = Levels seen in this place.
 G = Mean time per level.
                   A        B        C        D        E       F      G
               +--------+--------+--------+--------+--------+-----+--------+
         Total |   2377 |   2295 |     82 |     32 |   1974 |   3 |  792.3 |
       Dungeon |   2377 |   2295 |     82 |     32 |   1974 |   3 |  792.3 |
               +--------+--------+--------+--------+--------+-----+--------+

Top non-repeatable levels by time:
     D:1: 1287 daAuts
     D:2: 995 daAuts
     D:3: 95 daAuts
